[Event "IV Elllobregat Open Chess Tmnt"]
[Site "Sant Boi de Llobregat, Spain"]
[Date "2023.11.30"]
[Round "1.1"]
[White "Palczert, Matyas"]
[Black "Fedoseev, Vladimir"]
[Result "0-1"]
[TimeControl "90min/40moves + 15min/end + 30sec from move 1"]
[WhiteFideId "784958"]
[BlackFideId "24130737"]
[WhiteElo "2349"]
[BlackElo "2675"]

1. e4 e5 2. Nf3 Nf6 3. Nxe5 d6 4. Nf3 Nxe4 5. d3 Nf6 6. d4 g6 7. Bd3 Bg7 8. Qe2+ Kd7 9. O-O Re8 10.
Be3 Ke7 11. Nc3 Kf8 12. h3 a6 13. Qd2 b5 14. Rfe1 Bb7 15. Nh2 Nc6 16. a4 b4 17. Ne2 Kg8 18. Bh6 Bh8 19. Nf3 Qd7 20.
Qf4 Nd8 21. Ng5 Ne6 22. Nxe6 Rxe6 23. Qd2 a5 24. Nf4 Rxe1+ 25. Rxe1 Qxa4 26. Re7 Nd5 27. Nxd5 Bxd5 28. Qe2 Bg7 29.
Be4 Bxe4 30. Qxe4 Rf8 31. Bxg7 Kxg7 32. b3 Qa1+ 33. Kh2 c5 34. dxc5 dxc5 35. Ra7 Rd8 36. Qe7 Qf6 37. Qxf6+ Kxf6 38.
Rxa5 Rd5 39. g4 Ke5 40. Ra7 Kd4 41. Rxf7 Kc3 42. Rxh7 Kxc2 43. h4 Kxb3 44. h5 gxh5 45. Rxh5 Kc4 46.
Kg3 b3 47. Rh1 b2 48. f4 Kb3 49. g5 c4 50. g6 c3 51. g7 Rd8 0-1

[Event "IV Elllobregat Open Chess Tmnt"]
[Site "Sant Boi de Llobregat, Spain"]
[Date "2023.11.30"]
[Round "1.2"]
[White "Alekseenko, Kirill"]
[Black "Lacasa Diaz, Jose Antonio"]
[Result "1-0"]
[TimeControl "90min/40moves + 15min/end + 30sec from move 1"]
[WhiteFideId "4135539"]
[BlackFideId "2203375"]
[WhiteElo "2670"]
[BlackElo "2352"]

1. e4 c5 2. Nf3 d6 3. d4 cxd4 4. Nxd4 Nf6 5. Nc3 g6 6. Be3 Nc6 7. f3 Bg7 8. Qd2 O-O 9. O-O-O d5 10.
exd5 Nxd5 11. Nxc6 bxc6 12. Bd4 e5 13. Bc5 Re8 14. Ne4 Qc7 15. g4 Be6 16. Bc4 Red8 17. Qe1 Nf4 18. Bd6 Qb6 19.
Bxe6 Nxe6 20. Kb1 Nd4 21. c3 Nb5 22. Be7 Rxd1+ 23. Qxd1 Rb8 24. Qd2 f5 25. gxf5 gxf5 26. Nf6+ Kh8 27.
Nd7 Rd8 28. Bxd8 Qxd8 29. a4 1-0

[Event "IV Elllobregat Open Chess Tmnt"]
[Site "Sant Boi de Llobregat, Spain"]
[Date "2023.11.30"]
[Round "1.3"]
[White "Jerez Perez, Alfonso"]
[Black "Narayanan, SL"]
[Result "0-1"]
[TimeControl "90min/40moves + 15min/end + 30sec from move 1"]
[WhiteFideId "2204100"]
[BlackFideId "5058422"]
[WhiteElo "2350"]
[BlackElo "2668"]

1. e4 c5 2. c3 d5 3. exd5 Qxd5 4. d4 Nf6 5. Nf3 e6 6. Na3 Nc6 7. Nb5 Qd8 8. dxc5 Bxc5 9. Qxd8+ Kxd8 10.
Bg5 Ke7 11. Rd1 a6 12. Nbd4 Nxd4 13. Nxd4 Rd8 14. Be3 Ba7 15. Be2 Nd5 16. Bc1 e5 17. Nc2 Be6 18. O-O Nf4 19. Bxf4 exf4 20.
Bf3 a5 21. b3 Rab8 22. Nd4 Bxd4 23. cxd4 Kd6 24. Rc1 Rdc8 25. h4 b5 26. Rfe1 Rxc1 27. Rxc1 Rc8 28. Re1 f6 29. Re2 Bf5 30.
Be4 Bxe4 31. Rxe4 Rc1+ 32. Kh2 Rc2 33. a4 bxa4 34. bxa4 Rxf2 35. Kh3 f3 36. g4 Ra2 37. Rf4 Rxa4 38.
Rf5 f2 39. g5 fxg5 40. hxg5 Rxd4 41. Rxf2 Ke5 0-1

[Event "IV Elllobregat Open Chess Tmnt"]
[Site "Sant Boi de Llobregat, Spain"]
[Date "2023.11.30"]
[Round "1.4"]
[White "Shirov, Alexei"]
[Black "Citak, Selim"]
[Result "1/2-1/2"]
[TimeControl "90min/40moves + 15min/end + 30sec from move 1"]
[WhiteFideId "2209390"]
[BlackFideId "6301819"]
[WhiteElo "2668"]
[BlackElo "2350"]

1. e4 e5 2. Nf3 Nc6 3. Bc4 Bc5 4. d3 Nf6 5. Bg5 O-O 6. a4 h6 7. Bh4 Be7 8. Bg3 d6 9. Nbd2 Kh8 10.
c3 Nh7 11. d4 f5 12. exf5 e4 13. Ng1 d5 14. Ba2 Nf6 15. Nf1 Bxf5 16. Ne3 Be6 17. b4 Qd7 18. Ne2 Ng4 19. Qd2 Nxe3 20.
fxe3 Nd8 21. Nf4 Bf7 22. O-O c6 23. c4 dxc4 24. Qc2 Ne6 25. Qxe4 Nxf4 26. Rxf4 Bd5 27. Qc2 Rxf4 28. Bxf4 Bxb4 29.
Bxc4 Rf8 30. Rf1 Bd6 31. Bxd6 Rxf1+ 32. Bxf1 Qxd6 33. Qf5 Qe6 34. Qxe6 Bxe6 35. a5 g5 36. e4 Kg7 37. Kf2 Kf6 38.
Ke3 b6 39. axb6 axb6 40. g3 c5 41. e5+ Ke7 42. Bg2 cxd4+ 43. Kxd4 Kd7 44. h4 1/2-1/2

[Event "IV Elllobregat Open Chess Tmnt"]
[Site "Sant Boi de Llobregat, Spain"]
[Date "2023.11.30"]
[Round "1.5"]
[White "Sattarov, Bobir"]
[Black "Vallejo Pons, Francisco"]
[Result "1/2-1/2"]
[TimeControl "90min/40moves + 15min/end + 30sec from move 1"]
[WhiteFideId "14203081"]
[BlackFideId "2205530"]
[WhiteElo "2353"]
[BlackElo "2668"]

1. e4 c5 2. Nf3 e6 3. d4 cxd4 4. Nxd4 Nc6 5. Nc3 a6 6. Be3 Nf6 7. Qf3 Bb4 8. Nxc6 bxc6 9. Bd3 d5 10.
e5 Nd7 11. Qg3 Kf8 12. O-O h5 13. f4 h4 14. Qf2 Kg8 15. Na4 a5 16. a3 Bf8 17. Nb6 Rb8 18. Nxc8 Qxc8 19. b3 g6 20.
Kh1 Be7 21. h3 Qf8 22. Qe2 Rh7 23. Qg4 Kh8 24. a4 Nc5 25. Bxc5 Bxc5 26. Rae1 Qe7 27. Rf3 Rb7 28. Ref1 Rb4 29.
Re1 Rg7 30. g3 hxg3 31. Qxg3 Rh7 32. Re2 Qh4 33. Kg2 Qxg3+ 34. Kxg3 Be7 35. Rf1 Kg7 36. Rf3 Bh4+ 37. Kg2 Rh8 38.
Rf1 Rh5 39. Rf3 Kf8 40. Kf1 c5 41. Rg2 c4 42. Be2 Bd8 43. bxc4 dxc4 44. Rc3 Rf5 45. Rf2 Bb6 46. Rff3 Bd4 47.
Rxc4 Rxc4 48. Bxc4 Bxe5 49. Ke2 Rxf4 50. Rxf4 Bxf4 51. Kd3 Ke7 52. Bb5 g5 53. Kc4 f5 54. Kc5 Bd2 55. c4 Be3+ 56.
Kc6 f4 57. c5 f3 58. Bd3 Kf6 59. Kd6 Bf4+ 60. Kd7 Ke5 61. c6 Kd5 62. Bb5 Bb8 1/2-1/2

[Event "IV Elllobregat Open Chess Tmnt"]
[Site "Sant Boi de Llobregat, Spain"]
[Date "2023.11.30"]
[Round "1.6"]
[White "Pichot, Alan"]
[Black "Esplugas Esteve, Vicenc"]
[Result "1-0"]
[TimeControl "90min/40moves + 15min/end + 30sec from move 1"]
[WhiteFideId "110973"]
[BlackFideId "22200789"]
[WhiteElo "2650"]
[BlackElo "2348"]

1. c4 b6 2. Nc3 Bb7 3. e4 e6 4. g3 f5 5. Bg2 Nf6 6. d3 fxe4 7. Nge2 Nc6 8. Nxe4 Nxe4 9. Bxe4 Qf6 10.
O-O O-O-O 11. d4 d5 12. cxd5 exd5 13. Bg2 g5 14. Nc3 h5 15. Be3 Bg7 16. Nxd5 Qf7 17. Qb3 Rd7 18. Nc3 Nxd4 19.
Qxf7 Rxf7 20. Bxb7+ Kxb7 21. Rad1 Nf3+ 22. Kg2 h4 23. h3 g4 24. Bf4 hxg3 25. fxg3 Re7 26. hxg4 Nh2 27. Rfe1 Rxe1 28.
Rxe1 Nxg4 29. Re7 Bf6 30. Rxc7+ Ka6 31. Kf3 Be5 32. Rf7 Bxf4 33. gxf4 Nh2+ 34. Ke4 Nf1 35. b4 Rc8 36. Kd3 Rd8+ 37.
Kc2 b5 38. Re7 Rd4 39. Rxa7+ Kb6 40. Re7 Kc6 41. Re6+ Kd7 42.
Re4 Rd2+ 43. Kb3 Rf2 44. Re2 Rf3 45. a3 Kc6 46. Re5 Nd2+ 47. Kc2 Nc4 48. Rc5+ Kd7 49. Nxb5 Rxf4 50. Kb3 Nd2+ 51.
Ka4 Nc4 52. Nc3 Kd6 53. Rd5+ Kc6 54. Kb3 Ne3 55. Rc5+ Kb7 56. Nd5 Nxd5 57. Rxd5 Rf3+ 58. Ka4 Kb6 59. Rd6+ 1-0

[Event "IV Elllobregat Open Chess Tmnt"]
[Site "Sant Boi de Llobregat, Spain"]
[Date "2023.11.30"]
[Round "1.7"]
[White "Mathieu, Phileas"]
[Black "Aravindh, Chithambaram Vr."]
[Result "0-1"]
[TimeControl "90min/40moves + 15min/end + 30sec from move 1"]
[WhiteFideId "36048410"]
[BlackFideId "5072786"]
[WhiteElo "2346"]
[BlackElo "2638"]

1. e4 c5 2. Nf3 e6 3. d4 cxd4 4. Nxd4 a6 5. c4 Nf6 6. Bd3 d6 7. Nc3 b6 8. O-O Bb7 9. Be3 Nbd7 10.
Rc1 g6 11. f3 Bg7 12. Rf2 O-O 13. Bf1 Re8 14. Nc2 Bf8 15. Kh1 h6 16. Rd2 Qc7 17. Qe2 Rac8 18. Qf2 Qb8 19. Rcd1 Ba8 20.
Bd4 h5 21. b3 Be7 22. Nb4 Bb7 23. Nd3 Bd8 24. Qg3 b5 25. e5 bxc4 26. exf6 cxd3 27. Bxd3 Nf8 28. Bc4 d5 29. f4 dxc4 30.
Be5 Qa8 31. Rd7 cxb3 32. Qg5 Nxd7 33. Rxd7 Bxg2+ 34. Kg1 0-1

[Event "IV Elllobregat Open Chess Tmnt"]
[Site "Sant Boi de Llobregat, Spain"]
[Date "2023.11.30"]
[Round "1.8"]
[White "Puranik, Abhimanyu"]
[Black "Habans Aguerrea, Javier"]
[Result "1/2-1/2"]
[TimeControl "90min/40moves + 15min/end + 30sec from move 1"]
[WhiteFideId "5061245"]
[BlackFideId "24524689"]
[WhiteElo "2627"]
[BlackElo "2345"]

1. e4 c6 2. d4 d5 3. f3 e6 4. Nc3 Bb4 5. Bd2 b6 6. h4 Ne7 7. h5 h6 8. Nce2 Bxd2+ 9. Qxd2 c5 10.
exd5 Qxd5 11. dxc5 Qxc5 12. O-O-O O-O 13. Nc3 Bb7 14. Bd3 Qa5 15. Qf4 Na6 16. a3 Nc5 17. Nge2 Rac8 18. Kb1 Nxd3 19.
Rxd3 Bd5 20. Qd2 Bc4 21. Rd7 Nc6 22. Ng3 Rfd8 23. Nge4 Bd5 24. Nf6+ gxf6 25. Rxd8+ Rxd8 26. Qxh6 Qc5 27. Qxf6 Qd4 28. Qh6 Qg7 29.
Qe3 Qe5 30. Qh6 Qg7 31. Qe3 Qe5 32. Qh6 1/2-1/2

[Event "IV Elllobregat Open Chess Tmnt"]
[Site "Sant Boi de Llobregat, Spain"]
[Date "2023.11.30"]
[Round "1.9"]
[White "Hollan, Martin"]
[Black "Ter-Sahakyan, Samvel"]
[Result "0-1"]
[TimeControl "90min/40moves + 15min/end + 30sec from move 1"]
[WhiteFideId "360937"]
[BlackFideId "13302531"]
[WhiteElo "2345"]
[BlackElo "2618"]

1. e4 c5 2. Nf3 d6 3. d4 cxd4 4. Nxd4 Nf6 5. Nc3 a6 6. Bd3 g6 7. h3 Bg7 8. O-O O-O 9. Re1 b5 10.
a3 Bb7 11. Bg5 Nbd7 12. Qd2 Qb6 13. Nf3 Rfe8 14. Bh6 Bh8 15. Qf4 Rac8 16. Qh4 Ne5 17. Nxe5 dxe5 18. a4 b4 19. a5 Qd6 20.
Na4 b3 21. Red1 bxc2 22. Bxc2 Qb8 23. Rac1 Red8 24. Rxd8+ Rxd8 25. Be3 Bc6 26. Nb6 Qb7 27. f3 Nh5 28. Qe1 Nf4 29.
Rd1 Rb8 30. Bb3 Bb5 31. Rd2 Bf6 32. Qd1 Kg7 33. Ba4 Qc6 34. Qc2 Bxa4 35. Nxa4 Qb5 36. Bb6 Bg5 37. Nc3 Qb4 38. Kh2 Nh5 39.
Rd1 Bf4+ 40. Kg1 Rxb6 41. axb6 Qxb6+ 42. Kh1 Ng3+ 43. Kh2 e6 44. h4 Nxe4+ 45. g3 Nxg3 46. Kh3 h5 47. Rd7 Qg1 48.
Qg2 Qe3 49. Nd1 Qb3 50. Nc3 Nf5 51. Qe2 Nd4 52. Qg2 a5 53. Rd8 Nc2 54. Ne4 Ne3 55. Qd2 Nd5 56. Qe2 Bc1 57. Kh2 a4 58.
Nc5 Bf4+ 59. Kh3 Qb6 60. Rc8 Be3 61. Qc2 Nf4+ 62. Kg3 Qb5 63. Qe4 Qxb2 64. Nxe6+ fxe6 65. Rc7+ Kh6 66. Qxg6+ Nxg6 0-1

[Event "IV Elllobregat Open Chess Tmnt"]
[Site "Sant Boi de Llobregat, Spain"]
[Date "2023.11.30"]
[Round "1.10"]
[White "Sanal, Vahap"]
[Black "Rey Martinez, Jaime"]
[Result "1/2-1/2"]
[TimeControl "90min/40moves + 15min/end + 30sec from move 1"]
[WhiteFideId "6300545"]
[BlackFideId "54549264"]
[WhiteElo "2608"]
[BlackElo "2344"]

1. e4 c5 2. Nf3 g6 3. d4 cxd4 4. Nxd4 Nc6 5. c4 Nf6 6. Nc3 d6 7. Be2 Nxd4 8. Qxd4 Bg7 9. Be3 O-O 10.
Qd2 a5 11. f3 a4 12. O-O Qa5 13. Rac1 Be6 14. Rfd1 Rfc8 15. Nb5 Qxd2 16. Rxd2 Nd7 17. g4 Ne5 18. b3 axb3 19. axb3 Bd7 20.
Nc3 Ra3 21. Nd5 Kf8 22. Rb1 Be6 23. Nb6 Rc6 24. Kf2 Bf6 25. Nd5 Bxd5 26. exd5 Rc8 27. g5 Bg7 28. f4 Nd7 29. b4 b6 30.
Rc2 Ke8 31. Bg4 Rc3 32. Rxc3 Bxc3 33. Be2 Ra8 34. Rb3 Bg7 35. Bg4 Ra6 36. Kg3 Kd8 37. h4 Kc7 38. h5 f5 39. Bf3 Ra2 40.
Bd1 Kc8 41. Rd3 Rb2 42. Bd2 Nb8 43. Ba4 Kd8 44. hxg6 hxg6 45. Bb5 Ra2 46. Be3 Nd7 47. Kf3 Kc7 48. Bf2 Rc2 49. Be1 Bb2 50.
Re3 Kd8 51. Rb3 Nf8 52. c5 e5 53. cxd6 Nd7 54. Re3 e4+ 55. Kg3 Bc1 56. Rc3 Rxc3+ 57. Bxc3 Be3 58. Bc6 Bc1 59. Be1 Be3 60.
Bc3 Bc1 61. Ba4 Be3 62. Bd1 Bc1 63. Be2 Be3 64. Bf1 Bc1 65. Bb5 Be3 66. Ba4 Bc1 67. Bc6 Be3 68. Bf6+ Nxf6 69. gxf6 g5 70.
fxg5 Bxg5 71. f7 Bh6 72. Kh4 f4 73. Kg4 f3 74. Bb5 Bf8 75. Kf4 Bxd6+ 76. Kxe4 Ke7 77. Kxf3 Kxf7 78. Ke4 1/2-1/2

[Event "IV Elllobregat Open Chess Tmnt"]
[Site "Sant Boi de Llobregat, Spain"]
[Date "2023.11.30"]
[Round "1.11"]
[White "Gual Pascual, Antonio"]
[Black "Sethuraman, S.P."]
[Result "0-1"]
[TimeControl "90min/40moves + 15min/end + 30sec from move 1"]
[WhiteFideId "2200589"]
[BlackFideId "5021596"]
[WhiteElo "2343"]
[BlackElo "2603"]

1. d4 d5 2. c4 e6 3. Nc3 Nf6 4. cxd5 exd5 5. Bg5 Bb4 6. e3 h6 7. Bh4 g5 8. Bg3 Ne4 9. Nge2 h5 10.
h4 Bg4 11. f3 Nxg3 12. Nxg3 Be6 13. Qa4+ Nc6 14. Bb5 Bd7 15. Qb3 Qe7 16. O-O-O Qxe3+ 17. Kb1 Bxc3 18. Rhe1 Qxe1 19. Rxe1+ Bxe1 20.
Qe3+ Kf8 21. Qxe1 Re8 22. Qd2 gxh4 23. Ne2 Rg8 24. Qh6+ Ke7 25. Bxc6 Bxc6 26. Nf4 Kd8 27. Qxh5 Kc8 28.
Qxh4 Kb8 29. b3 a5 30. a4 Re3 31. Kc2 Rge8 32. Qf6 R8e7 33. Kd2 Ka7 34. Kc2 Re1 35. Kd2 R1e3 36. Kc2 Rd7 37.
Kb2 Re1 38. Kc2 Re8 39. Kd2 Rde7 40. Kc2 Rd7 41. Kd2 Rde7 42. Kc2 Kb8 43. Kd2 Bd7 44. Qg5 f5 45. Qg3 Bc8 46. Qf2 Rd7 47.
Kc2 Rd6 48. Qd2 b6 49. Kb2 Bd7 50. Nd3 Bc8 51. Nf4 Kb7 52. Qd3 Bd7 53. Qd2 Re7 54. Nd3 Rde6 55. Ne5 Bc8 56. f4 Rg7 57.
Qf2 Rh6 58. Ka3 Rh2 59. Qf3 Be6 60. Qc3 Bd7 61. Nf3 Rhxg2 62. Ng5 Re7 0-1

[Event "IV Elllobregat Open Chess Tmnt"]
[Site "Sant Boi de Llobregat, Spain"]
[Date "2023.11.30"]
[Round "1.12"]
[White "Yuffa, Daniil"]
[Black "Formento, Paolo"]
[Result "1-0"]
[TimeControl "90min/40moves + 15min/end + 30sec from move 1"]
[WhiteFideId "24131423"]
[BlackFideId "861162"]
[WhiteElo "2600"]
[BlackElo "2343"]

1. e4 c5 2. Nf3 e6 3.
c3 d5 4. e5 Nc6 5. d4 Bd7 6.
Be2 Nge7 7. Na3 cxd4 8. cxd4 Nf5 9. Nc2 Be7 10. O-O O-O 11. Bd3 Qb6 12. g4 Nh4 13. Nxh4 Bxh4 14.
g5 1-0

[Event "IV Elllobregat Open Chess Tmnt"]
[Site "Sant Boi de Llobregat, Spain"]
[Date "2023.11.30"]
[Round "1.13"]
[White "Bournel, Antoine"]
[Black "Pultinevicius, Paulius"]
[Result "1/2-1/2"]
[TimeControl "90min/40moves + 15min/end + 30sec from move 1"]
[WhiteFideId "26093553"]
[BlackFideId "12809390"]
[WhiteElo "2333"]
[BlackElo "2589"]

1. d4 Nf6 2. c4 e6 3. Nf3 c5 4. d5 d6 5. Nc3 exd5 6. cxd5 g6 7. h3 a6 8. a4 Qe7 9. Bf4 Nbd7 10.
e3 Bg7 11. Bd3 O-O 12. O-O Ne8 13. e4 Nc7 14. a5 Rb8 15. Qc2 b5 16. axb6 Rxb6 17. Nd2 Ne5 18. Bxe5 Bxe5 19. Nc4 Rb4 20.
f4 Bd4+ 21. Kh2 Qd8 22. Rf3 f5 23. exf5 Bxf5 24. Bxf5 Rxf5 25. Ne4 Rxd5 26. f5 Rxf5 27. Rxf5 d5 28. Rf3 Rxc4 29. Nc3 Rb4 30.
Raf1 Ne6 31. Kh1 Bg7 32. Rf7 Nd4 33. Qf2 Nf5 34. Rxf5 gxf5 35. Qxf5 Rxb2 36. Nxd5 Rb7 37. Qe6+ Kh8 38.
Qxa6 Rd7 39. Ne3 Rd3 40. Qe6 Qa8 41. Qe7 c4 42. Rf3 Rb3 43. Qc5 c3 44. Rf1 c2 45. Nxc2 Rxh3+ 46. Kg1 Rc3 47.
Qf5 h6 48. Ne1 Qa7+ 49. Kh1 Qa6 50. Kg1 Qb6+ 51. Kh1 Rc5 52. Qf3 Qg6 53. Nd3 Rh5+ 54. Kg1 Bd4+ 55. Nf2 Rf5 56. Qe4 Bc5 57.
Qe2 Qg3 58. Qd2 Kg7 59. Qd7+ Rf7 60. Qd2 Be3 61. Qc3+ Kg8 62. Qc8+ Rf8 63. Qc4+ Kh7 64. Qc2+ Kg7 65. Qc3+ Kg6 66.
Qd3+ Kg5 67. Qc2 Bd4 68. Qd2+ Rf4 69. Qe2 Be3 70. Qc2 Kh4 71. Qb2 Bd4 72. Qe2 Be3 73. Qb2 Rg4 74. Qf6+ Kh5 75.
Qf5+ Rg5 76. Qe4 Re5 77. Qf3+ Kh4 78. Qf6+ Kh5 79. Qf3+ Kh4 80. Qf6+ Bg5 81. Nh1 Qe3+ 82. Qf2+ Kg4 83.
Rd1 Bf4 84. g3 Bg5 85. Qxe3 Bxe3+ 86. Kg2 Ra5 87. Nf2+ Bxf2 88. Kxf2 Ra2+ 1/2-1/2

[Event "IV Elllobregat Open Chess Tmnt"]
[Site "Sant Boi de Llobregat, Spain"]
[Date "2023.11.30"]
[Round "1.14"]
[White "Peralta, Fernando"]
[Black "Goh, Zi Han"]
[Result "1/2-1/2"]
[TimeControl "90min/40moves + 15min/end + 30sec from move 1"]
[WhiteFideId "105309"]
[BlackFideId "5819156"]
[WhiteElo "2580"]
[BlackElo "2333"]

1. d4 d5 2. c4 c6 3. Nf3 Nf6 4. Nc3 e6 5. e3 Nbd7 6. Qc2 Bd6 7. b3 O-O 8. Be2 e5 9. cxd5 cxd5 10.
Nb5 Bb4+ 11. Bd2 Bxd2+ 12. Nxd2 a6 13. dxe5 Nxe5 14. Nd4 Bg4 15. Bxg4 Nfxg4 16. O-O Rc8 17. Qf5 g6 18. Qf4 Qe7 19.
N2f3 Nxf3+ 20. gxf3 Ne5 21. Rad1 Kg7 22. Rd2 Qf6 23. Qxf6+ Kxf6 24. Rfd1 g5 25. Kf1 Rfd8 26. Ke2 h5 27. h3 Rc3 28. Nc2 a5 29. Nd4 Rc5 30.
Nc2 Rdc8 31. Ne1 Ke6 32. Ng2 Ng6 33. Ne1 Ne5 34. Ng2 1/2-1/2

[Event "IV Elllobregat Open Chess Tmnt"]
[Site "Sant Boi de Llobregat, Spain"]
[Date "2023.11.30"]
[Round "1.15"]
[White "Bakhrillaev, Bakhrom"]
[Black "Nasuta, Grzegorz"]
[Result "1-0"]
[TimeControl "90min/40moves + 15min/end + 30sec from move 1"]
[WhiteFideId "14212285"]
[BlackFideId "1141686"]
[WhiteElo "2332"]
[BlackElo "2579"]

1. d4 d5 2. c4 c6 3. Nf3 Nf6 4.
g3 Bg4 5. Ne5 Bf5 6. cxd5 Qxd5 7. f3 Bxb1 8. Rxb1 e6 9. a3 c5 10. Be3 Bd6 11. Qa4+ Ke7 12. Rd1 c4 13. Bg2 b5 14.
Qc2 Nc6 15. Rg1 Bxe5 16. f4 Bxf4 17. Bxd5 Bxe3 18. Bxc6 Bxg1 19. Bxa8 Rxa8 20. e4 Rd8 21. Qc3 Nxe4 22. Qb4+ Kf6 23.
Qxb5 1-0

[Event "IV Elllobregat Open Chess Tmnt"]
[Site "Sant Boi de Llobregat, Spain"]
[Date "2023.11.30"]
[Round "1.16"]
[White "Kozak, Adam"]
[Black "Shohat, Yotam"]
[Result "1-0"]
[TimeControl "90min/40moves + 15min/end + 30sec from move 1"]
[WhiteFideId "753246"]
[BlackFideId "2813955"]
[WhiteElo "2578"]
[BlackElo "2332"]

1. Nf3 c5 2. g3 g6 3. c4 Bg7 4. Bg2 Nc6 5. Nc3 e6 6. h4 Nf6 7. d4 cxd4 8. Nxd4 O-O 9. O-O d5 10.
cxd5 Nxd4 11. Qxd4 Nxd5 12. Qc4 Nxc3 13. bxc3 Qa5 14. Rb1 Qxc3 15. Qa4 Qd4 16. Qa3 Qc3 17. Rd1 Qxa3 18. Bxa3 Re8 19.
Bc5 Bf8 20. Be3 a5 21. a4 Bb4 22. Rbc1 e5 23. Rc7 e4 24. Rd4 Bf5 25. Rxb7 Bc5 26. Rd5 Bxe3 27. fxe3 h5 28. Rb6 Kg7 29.
Kf2 Re6 30. Rxe6 fxe6 31. Rd4 Kf6 32. Bxe4 Bxe4 33. Rxe4 Rb8 34. Rc4 Rb4 35. Rxb4 axb4 36. Ke1 Ke5 37. Kd2 Kd5 38. Kc2 Kc4 39.
Kb2 Kd5 40. Kb3 Kc5 41. e4 1-0

[Event "IV Elllobregat Open Chess Tmnt"]
[Site "Sant Boi de Llobregat, Spain"]
[Date "2023.11.30"]
[Round "1.17"]
[White "Kistrup, Nicolai"]
[Black "Aditya, Mittal"]
[Result "0-1"]
[TimeControl "90min/40moves + 15min/end + 30sec from move 1"]
[WhiteFideId "1444816"]
[BlackFideId "35042025"]
[WhiteElo "2330"]
[BlackElo "2577"]

1. d4 Nf6 2. c4 e6 3. g3 d5 4. Bg2 Bb4+ 5. Nd2 O-O 6. Ngf3 b6 7. O-O Bb7 8. cxd5 exd5 9. Ne5 a5 10. Ndf3 Ne4 11. h4 a4 12. Qc2 Be7 13. Bf4 f6 14. Nd3 c5 15. b3 Nc6 16. Be3 Nb4 17. Nxb4 cxb4 18. Bh3 Bc8 19. Bxc8 Qxc8 20. Qd3 Bd6 21. Rfc1 Qd7 22. Kg2 Ra5 23. Rab1 axb3 24. axb3 Ra2 25. Rc2 Rxc2 26. Qxc2 Rc8 27. Qb2 Qg4 28. Rc1 Re8 29. Nh2 Qg6 30. Nf1 Nc3 31. Qc2 f5 32. Re1 Qf6 33. Qd3 f4 34. Bxf4 Bxf4 35. gxf4 Qxf4 36. Ng3 Ra8 37. h5 Ra2 38. Kg1 b5 39. Kg2 Rd2 40. Qf5 Qxf5 41. Nxf5 Kf7 42. Ra1 Kf6 43. Nd6 Rxd4 44. Ra7 Nxe2 45. Ne8+ Kg5 46. Rxg7+ Kh6 47. Rb7 Rd3 48. Rxb5 Nf4+ 49. Kh2 Kxh5 50. Rxb4 Rh3+ 51. Kg1 Kg4 52. Nf6+ Kf3 53. Rxf4+ Kxf4 54. Nxd5+ Kf3 55. b4 Rh4 56. b5 Rg4+ 57. Kf1 Rd4 58. Ne3 Rd2 59. Kg1 Rxf2 60. Nc4 Rc2 61. Nd6 Rg2+ 62. Kh1 Rb2 63. Kg1 Rg2+ 64. Kh1 Rd2 65. Nc4 Rd4 66. Ne5+ Kg3 0-1

[Event "IV Elllobregat Open Chess Tmnt"]
[Site "Sant Boi de Llobregat, Spain"]
[Date "2023.11.30"]
[Round "1.18"]
[White "Laurusas, Tomas"]
[Black "Tulchynskyi, Feliks"]
[Result "1-0"]
[TimeControl "90min/40moves + 15min/end + 30sec from move 1"]
[WhiteFideId "12803731"]
[BlackFideId "34127895"]
[WhiteElo "2566"]
[BlackElo "2325"]

1. d4 Nf6 2. c4 e6 3. Nc3 Bb4 4.
e3 O-O 5. Bd3 d5 6. Nge2 c5 7. cxd5 cxd4 8. exd4 Nxd5 9. O-O Nc6 10. Be4 Re8 11. Qd3 g6 12. Qf3 Nb6 13. Rd1 Qe7 14.
Bf4 Bd7 15. Qg3 Na5 16. h4 Bc6 17. h5 Nd5 18. hxg6 hxg6 19. Bg5 Qd7 20. Bd3 Nxc3 21. bxc3 Be7 22. Bf4 Bf6 23. Be5 Bxe5 24. dxe5 Qc7 25. Re1 Red8 26. Nf4 Be8 27. Rac1 Qe7 28.
Re3 Nc6 29. Nh5 Qf8 30. Qg5 Nxe5 31. Nf6+ Kg7 32. Qxe5 1-0

[Event "IV Elllobregat Open Chess Tmnt"]
[Site "Sant Boi de Llobregat, Spain"]
[Date "2023.11.30"]
[Round "1.19"]
[White "Adan Bermudez, Sergio"]
[Black "Asadli, Vugar"]
[Result "0-1"]
[TimeControl "90min/40moves + 15min/end + 30sec from move 1"]
[WhiteFideId "2292726"]
[BlackFideId "13405764"]
[WhiteElo "2324"]
[BlackElo "2562"]

1. c4 g6 2. Nc3 Bg7 3. g3 c5 4. Bg2 Nc6 5. a3 b6 6. b4 Bb7 7. bxc5 bxc5 8. Rb1 Rb8 9. Na4 Ba8 10.
Rxb8 Qxb8 11. Nxc5 Nd4 12. Na6 Qb1 13. Bxa8 Nc2+ 14. Kf1 Qb3 15. d3 Ne3+ 16. Bxe3 Qxd1+ 17. Kg2 Qa4 18. Bb7 Nh6 19.
Bxa7 O-O 20. Nf3 Qb3 21. Nc5 Qxa3 22. Bb6 Rb8 23. Rb1 Qa2 24. Rb5 Nf5 25. Be4 Qxe2 26. Nxd7 Rxb6 27. Rxb6 Bd4 28.
Rb1 Bxf2 29. Bxf5 gxf5 30. Nh4 Bd4+ 31. Kh3 Qg4+ 32. Kg2 f4 33. Rb8+ Kg7 34. Rb7 Qe2+ 35. Kh3 Qe6+ 36. g4 Qe3+ 0-1

[Event "IV Elllobregat Open Chess Tmnt"]
[Site "Sant Boi de Llobregat, Spain"]
[Date "2023.11.30"]
[Round "1.20"]
[White "Sosa, Tomas"]
[Black "Yordanov, Lachezar"]
[Result "1/2-1/2"]
[TimeControl "90min/40moves + 15min/end + 30sec from move 1"]
[WhiteFideId "121576"]
[BlackFideId "2918927"]
[WhiteElo "2558"]
[BlackElo "2323"]

1. e4 c5 2. Nc3 d6 3. f4 g6 4. Nf3 Bg7 5. Bb5+ Bd7 6. Bc4 Nc6 7. d3 Na5 8. Bd2 e6 9. e5 d5 10.
Bb5 Ne7 11. d4 cxd4 12. Nxd4 Nac6 13. Bxc6 Nxc6 14. Be3 f6 15. Nxc6 bxc6 16. Bc5 fxe5 17. fxe5 Qh4+ 18. g3 Qc4 19.
Qd4 Qxd4 20. Bxd4 O-O 21. O-O-O Rf5 22. g4 Rf4 23. h3 c5 24. Bxc5 Bxe5 25. Rhe1 Bg7 26. Bd6 Rf3 27. Rd3 Rxd3 28.
cxd3 Rc8 29. Kd2 Bh6+ 30. Kd1 d4 31. Ne2 Bb5 32. Bf4 Bg7 33. Nc1 Kf7 34. h4 Rc5 35. Bb8 a6 36. Kd2 Bd7 37.
Bd6 Rd5 38. Ba3 e5 39. g5 h6 40. Nb3 hxg5 41. hxg5 Bf5 42. Nc5 Bf8 43. Nxa6 Bxa3 44. bxa3 Ra5 45. Nb4 Ke6 46. Nc2 1/2-1/2

[Event "IV Elllobregat Open Chess Tmnt"]
[Site "Sant Boi de Llobregat, Spain"]
[Date "2023.11.30"]
[Round "1.21"]
[White "Hedman, Erik"]
[Black "Muradli, Mahammad"]
[Result "0-1"]
[TimeControl "90min/40moves + 15min/end + 30sec from move 1"]
[WhiteFideId "1702351"]
[BlackFideId "13409301"]
[WhiteElo "2321"]
[BlackElo "2550"]

1. e4 c5 2. Nf3 d6 3. d4 cxd4 4. Nxd4 Nf6 5. Nc3 a6 6. h3 e6 7. g4 Be7 8. g5 Nfd7 9. Bg2 Nc6 10.
Be3 O-O 11. h4 Nxd4 12. Qxd4 b5 13. a4 Rb8 14. axb5 axb5 15. O-O Ne5 16. Qd1 Nc4 17. Bc1 Qc7 18. Ne2 Bb7 19. Nd4 b4 20.
b3 Na3 21. c4 d5 22. exd5 exd5 23. Nf5 Bc5 24. Bb2 Qf4 25. Nxg7 Bd6 26. Re1 d4 27. Bxb7 Rxb7 28. Nh5 Qh2+ 29.
Kf1 Qh3+ 30. Ke2 Re8+ 31. Kd2 Rbe7 32. Rxe7 Bxe7 33. Qg1 Qxb3 34. Nf6+ Kh8 35. Nxe8 Qxb2+ 36. Kd3 Qc2+ 37. Kxd4 Qxc4+ 38. Ke3 Nc2+ 39. Kd2 Qc3+ 40. Ke2 Nd4+ 0-1

[Event "IV Elllobregat Open Chess Tmnt"]
[Site "Sant Boi de Llobregat, Spain"]
[Date "2023.11.30"]
[Round "1.22"]
[White "Jacobson, Brandon"]
[Black "Gombocz, Ferenc Jr."]
[Result "1/2-1/2"]
[TimeControl "90min/40moves + 15min/end + 30sec from move 1"]
[WhiteFideId "30901561"]
[BlackFideId "775029"]
[WhiteElo "2538"]
[BlackElo "2319"]

1. c4 c5 2. Nf3 Nc6 3. Nc3 e5 4. e3 Nf6 5. d4 e4 6. d5 exf3 7. dxc6 dxc6 8. Qxd8+ Kxd8 9. gxf3 g6 10.
b3 Bg7 11. Bb2 Nh5 12. O-O-O+ Kc7 13. Be2 Bf5 14. f4 Nf6 15. Na4 b6 16. Be5+ Kb7 17. Bf3 Rhd8 18. Nc3 Ne8 19. Ne2 Bxe5 20.
fxe5 f6 21. e4 Bd7 22. exf6 Nxf6 23. Rhg1 Kc7 24. e5 Ne8 25. h4 Ng7 26. h5 Rf8 27. Rd3 Be8 28. hxg6 hxg6 29. Rg2 Rd8 30.
Be4 Rxd3 31. Bxd3 Ne6 32. Kd2 g5 33. Rh2 Nd4 34. Nxd4 cxd4 35. Be4 Kd7 36. Kd3 Ke6 37. Kxd4 c5+ 38.
Ke3 Kxe5 39. Rh7 Rf7 40. Rh5 Kf6 41. Rh6+ Ke5 42. Rg6 Rxf2 43. Kxf2 Bxg6 44. Bxg6 Kd4 45. Bc2 Kc3 46. Bd1 Kd2 47.
Bg4 Kc2 48. Ke3 Kb2 49. Kd3 Kxa2 50. Kc3 Ka3 51. Be6 Ka2 52. Bd7 Ka3 53. Bc8 Ka2 1/2-1/2